AoeStats
← wolololigma

Arena

506544016Analyzed
4v4 RM · 17d ago on Sep 14, 2026· 48m 50s· 8 players
Game mode
Random Map
Map size
Large (8 player)
Population
200
Speed
Normal
Resources
Standard
Victory
Conquest
Starting age
Dark Age
Ending age
Imperial Age
RankedLock teamsTeams togetherTeam positionsShared explorationLock speedFull tech treeHidden civsTurbo modeCheats
Victory
Defeat
🇲🇽 Poles · Mexico
1038
+18
🇺🇸 Mongols · United States
1030
+18
🇲🇽 Koreans · Mexico
1012
+19
🇲🇽 Aztecs · Mexico
997
+20
🇺🇸 Ethiopians · United States
1131
-21
🇧🇷 Hindustanis · Brazil
1083
-19
🇨🇱 Khmer · Chile
1061
-18
🇺🇸 Byzantines · United States
1042
-17
Led
7:04 Loom
10:55 Feudal Age
15:14 Castle Age
13:46 Double-Bit Axe
16:28 Horse Collar
17:32 Bow Saw
20:42 Wheelbarrow
23:24 Hand Cart
23:34 Stone Mining
23:52 Gold Mining
26:00 Scale Barding Armor
29:25 Imperial Age
27:38 Gold Shaft Mining
27:39 Stone Shaft Mining
27:38 Town Watch
28:42 Heavy Plow
29:08 Town Patrol
30:20 Bloodlines
30:22 Forging
31:42 Chemistry
31:02 Ballistics
30:45 Padded Archer Armor
30:36 Fletching
32:05 Two-Man Saw
31:30 Heavy Cavalry Archer
33:14 Scale Mail Armor
33:37 Conscription
34:12 Chain Mail Armor
33:58 Heavy Camel Rider
34:38 Husbandry
35:14 Chain Barding Armor
36:08 Shatagni
38:54 Plate Barding Armor
38:55 Iron Casting
38:16 Bodkin Arrow
40:27 Leather Archer Armor
39:34 Elite Skirmisher
41:40 Imperial Camel Rider
44:09 Light Cavalry
45:29 Hussar
Legatus
10:02 Feudal Age
10:29 Double-Bit Axe
10:28 Horse Collar
18:30 Castle Age
16:38 Stone Mining
19:46 Bow Saw
26:29 Gold Mining
29:02 Scale Barding Armor
29:10 Forging
33:19 Imperial Age
33:19 Chain Barding Armor
33:35 Iron Casting
34:01 Scale Mail Armor
33:51 Fletching
34:02 Padded Archer Armor
36:53 Man-at-Arms
37:18 Gambesons
37:34 Squires
37:20 Arson
37:42 Long Swordsman
38:42 Chain Mail Armor
39:16 Two-Handed Swordsman
40:03 Pikeman
40:51 Champion
41:23 Halberdier
42:14 Onager
wolololigma
7:06 Loom
10:23 Feudal Age
10:50 Double-Bit Axe
11:22 Horse Collar
16:24 Stone Mining
16:25 Gold Mining
19:32 Castle Age
20:15 Wheelbarrow
19:47 Elite Skirmisher
20:54 Heavy Plow
22:38 Fletching
22:49 Padded Archer Armor
27:46 Fortified Wall
34:54 Forging
38:42 Iron Casting
38:08 Scale Mail Armor
40:14 Hand Cart
42:10 Chain Mail Armor
48:26 Imperial Age
NPG | NUNCAPUEDOGANAR
10:55 Feudal Age
12:22 Double-Bit Axe
12:21 Horse Collar
19:14 Castle Age
20:40 Bow Saw
20:34 Heavy Plow
21:13 Wheelbarrow
21:11 Scale Barding Armor
23:01 Chain Barding Armor
22:52 Forging
24:15 Bloodlines
24:08 Husbandry
28:18 Iron Casting
35:40 Imperial Age
33:37 Gold Mining
36:51 Elite Battle Elephant
38:52 Heavy Scorpion
41:27 Conscription
42:57 Light Cavalry
BL_EL_TIGRE_EQUIVOCADO
0:31 Loom
13:20 Feudal Age
18:51 Fletching
22:13 Castle Age
21:31 Wheelbarrow
20:44 Double-Bit Axe
22:05 Gold Mining
21:57 Horse Collar
23:08 Heavy Plow
23:21 Bow Saw
23:04 Stone Mining
28:13 Gold Shaft Mining
34:11 Imperial Age
31:32 Pikeman
32:13 Squires
32:42 Forging
32:32 Scale Mail Armor
33:25 Hand Cart
35:15 Conscription
36:02 Iron Casting
35:28 Scale Mail Armor
35:17 Gambesons
35:44 Elite Skirmisher
37:53 Atlatl
39:00 Chemistry
37:41 Treadmill Crane
38:58 Bodkin Arrow
39:03 Padded Archer Armor
39:19 Chain Mail Armor
40:04 Blast Furnace
40:20 Ballistics
40:38 Bracer
40:55 Leather Archer Armor
41:47 Block Printing
41:55 Redemption
42:06 Sanctity
41:46 Devotion
41:42 Herbal Medicine
42:07 Arson
43:10 Plate Mail Armor
49:22 Garland Wars
BL_DELROD
10:40 Feudal Age
10:02 Loom
19:58 Castle Age
20:30 Light Cavalry
35:58 Imperial Age
35:40 Scale Mail Armor
35:51 Forging
39:39 Wheelbarrow
39:25 Husbandry
39:36 Bloodlines
39:41 Horse Collar
39:50 Double-Bit Axe
41:12 Scale Barding Armor
41:24 Chain Mail Armor
41:59 Hand Cart
42:32 Bow Saw
42:25 Heavy Plow
43:14 Hand Cart
42:42 Winged Hussar
43:50 Lechitic Legacy
44:28 Plate Mail Armor
45:34 Crop Rotation
45:54 Iron Casting
45:40 Chain Barding Armor
BL_ELEKA
0:33 Loom
11:16 Feudal Age
12:28 Double-Bit Axe
12:39 Horse Collar
13:31 Gold Mining
13:33 Stone Mining
14:52 Wheelbarrow
20:56 Castle Age
21:48 Fletching
21:34 Man-at-Arms
25:14 Gold Shaft Mining
25:47 Bow Saw
26:00 Bodkin Arrow
27:35 Hand Cart
30:02 Imperial Age
27:13 Man-at-Arms
27:39 Gambesons
28:20 Fervor
28:10 Long Swordsman
28:50 Squires
28:36 Arson
29:02 Forging
28:52 Scale Mail Armor
29:14 Heavy Plow
29:43 Murder Holes
29:58 Masonry
31:25 Masonry
33:10 Two-Handed Swordsman
35:22 Conscription
37:45 Hand Cart
40:59 Sanctity
41:21 Theocracy
40:23 Champion
42:46 Architecture
44:33 Iron Casting
44:13 Chain Mail Armor
46:05 Bracer
47:27 Stone Shaft Mining
46:47 Town Watch
47:45 Elite War Wagon
48:58 Plate Mail Armor
spencer.sounder
9:11 Feudal Age
13:51 Castle Age
12:14 Double-Bit Axe
13:06 Horse Collar
15:14 Bow Saw
23:38 Stone Mining
26:03 Wheelbarrow
26:13 Bloodlines
26:04 Husbandry
27:05 Light Cavalry
27:57 Forging
28:01 Gold Mining
29:22 Iron Casting
29:54 Fletching
31:13 Ballistics
30:50 Bodkin Arrow
31:51 Hand Cart
34:06 Imperial Age
31:22 Loom
32:10 Heavy Plow
33:16 Gold Shaft Mining
33:25 Padded Archer Armor
33:31 Scale Barding Armor
35:15 Elite Mangudai
36:15 Conscription
36:30 Hussar
38:36 Chemistry
37:47 Masonry
37:32 Murder Holes
38:46 Town Watch
39:11 Bracer
40:11 Blast Furnace
39:32 Chain Barding Armor
39:27 Leather Archer Armor
38:54 Capped Ram
41:20 Drill
41:02 Nomads
41:38 Hoardings
41:26 Thumb Ring
41:56 Parthian Tactics
42:48 Siege Ram
43:57 Siege Engineers
44:03 Fortified Wall
43:18 Elite Steppe Lancer
46:13 Town Patrol
Connection lost

Rejoining the realm…

Still unreachable

The connection could not be restored.

Session expired

The server has moved on; the page needs a fresh start.